 Dungeon Crawl Stone Soup version 0.31-a0-157-g0643eb4156 (webtiles) character file.

Game seed: 9206134527243444139

415 qw the Shooter (level 6, -4/57 HPs)
             Began as a Naga Hunter on June 12, 2023.
             Slain by a gnoll sergeant
             ... wielding a +0 trident of venom
              (5 damage)
             ... on level 4 of the Dungeon.
             The game lasted 00:01:08 (2157 turns).

qw the Shooter (Naga Hunter)                        Turns: 2157, Time: 00:01:09

Health: -4/57      AC:  4    Str: 13    XL:     6   Next: 91%
Magic:  6/6        EV:  9    Int: 10    God:
Gold:   180        SH:  5    Dex: 16    Spells: 5/5 levels left

rFire   . . .        Y - +1 shortbow (freeze)
rCold   . . .        (shield currently unavailable)
rNeg    . . .        c - +0 leather armour
rPois   +            (no helmet)
rElec   .            h - +0 cloak
rCorr   .            (no gloves)
SInv    +            (no barding)
Will    .....        a - amulet of reflection
Stlth   ++           (no ring)
HPRegen 0.29/turn    (no ring)
MPRegen 0.10/turn

%: reflection
@: lethally poisoned (-4 -> -6), short of breath, very slow
A: AC +2, large, see invisible, deformed body, poison resistance, slowness 2,
spit poison 1, naga tail 1
a: Spit Poison


You were on level 4 of the Dungeon.
You visited 2 branches of the dungeon, and saw 5 of its levels.

You collected 180 gold pieces.


Innate Abilities, Weirdness & Mutations

Your serpentine skin is tough. (AC +2)
You have supernaturally acute eyesight. (SInv)
Armour fits poorly on your strangely shaped body.
Your system is resistant to poisons. (rPois)
You cover ground very slowly.
You can spit poison.
You have a snake-like lower body.


   Skills:
 - Level 4.2 Fighting
 + Level 6.4 Ranged Weapons
 - Level 1.5 Dodging
 - Level 1.5 Stealth


You had 5 spell levels left.
You didn't know any spells.
Your spell library was empty.

Inventory:

Hand Weapons
 Y - a +1 shortbow of freezing (weapon)
Armour
 c - a +0 leather armour (worn)
 h - a +0 cloak (worn)
Jewellery
 a - an amulet of reflection (around neck)
Potions
 b - a potion of lignification {unknown}
 e - a potion of curing {unknown}

Dungeon Overview and Level Annotations

Branches:
Dungeon (4/15)             Temple (1/1) D:4

Altars:
Dithmenos
Elyvilon
Gozag
Hepliaklqana
Kikubaaqudgha
Nemelex Xobeh
Qazlal
Ru
Sif Muna
Uskayaw
Vehumet
Zin
The Shining One

Annotations:
D:3 1 runed translucent door, Crazy Yiuf


Message History

2151 ||| INVOKING Spit Poison.
Aiming: Spit Poison (1% risk of failure)
Press: ? - help, Shift-Dir - straight line, f/p - gnoll sergeant You fail to use your ability.
You feel sick.
The gnoll sergeant hits you from afar with a +0 trident of venom!
2152 ||| INVOKING Spit Poison.
Aiming: Spit Poison (1% risk of failure)
Press: ? - help, Shift-Dir - straight line, f/p - gnoll sergeant The splash of poison misses the gnoll sergeant.
The splash of poison hits the gnoll!
The gnoll is severely wounded.
You feel sick.
The gnoll sergeant hits you from afar with a +0 trident of venom!
You are more poisoned.
You shoot an arrow.
The arrow hits the gnoll sergeant but does no damage.
The gnoll sergeant is heavily wounded.
You feel very sick. The gnoll sergeant barely misses you.
You shoot an arrow.
The arrow hits the gnoll sergeant but does no damage.
The gnoll sergeant is heavily wounded.
You feel sick.
The gnoll sergeant hits you from afar with a +0 trident of venom.
You shoot an arrow.
The arrow hits the gnoll sergeant but does no damage.
The gnoll sergeant is heavily wounded.
You feel sick. The gnoll sergeant barely misses you.
You shoot an arrow. The arrow hits the gnoll sergeant.
The arrow freezes the gnoll sergeant.
The gnoll sergeant is severely wounded.
You feel sick.
The gnoll sergeant hits you from afar with a +0 trident of venom!
You shoot an arrow. The arrow hits the gnoll sergeant.
The arrow freezes the gnoll sergeant.
The gnoll sergeant is almost dead.
You feel sick.
The gnoll sergeant hits you from afar with a +0 trident of venom.
You die...

####### .
.....###########....
#..........@.gg).).
#.......#######....
#.[......# ###. #
####......#.#####...
.##..%.....##.......#####
..<.##%....#...###......#
######..>....#..##......#
#......###.##......#
...###.#..#.# #.........#


You could see a gnoll sergeant and a gnoll.

Vanquished Creatures
  A black bear (D:4)
  A howler monkey (D:3)
  A hound (D:4)
  A sleepcap (D:4)
  Natasha (twice) (D:3)
  4 gnolls (D:4)
  6 adders
  2 worms (D:3)
  4 dart slugs
  6 orcs
  A ball python (D:1)
  4 bats
  5 endoplasms
  4 giant cockroaches
  4 goblins
  7 hobgoblins
  9 kobolds
  3 quokkas
  6 frilled lizards
  2 rats
73 creatures vanquished.

Notes
Turn   | Place    | Note
-------+----------+-------------------------------------------
     0 | D:1      | qw the Naga Hunter began the quest for the Orb.
     0 | D:1      | Reached XP level 1. HP: 19/19 MP: 1/1
     0 | D:1      | 0 ||| qw: Version: 0.2-a-29-gc1b59c4
     0 | D:1      | 0 ||| qw: Game counter: 4154
     0 | D:1      | 0 ||| qw: Always use a shield: true
     0 | D:1      | 0 ||| qw: God list: Okawaru
     0 | D:1      | 0 ||| qw: Allow faded altars: false
     0 | D:1      | 0 ||| qw: Do Orc after D:15 true
     0 | D:1      | 0 ||| qw: Do second Lair branch before Depths: true
     0 | D:1      | 0 ||| qw: Lair rune preference: random
     0 | D:1      | 0 ||| qw: Plans: Normal
     0 | D:1      | 0 ||| PLANNING D:1-11
    34 | D:1      | 34 ||| INVOKING Spit Poison.
    41 | D:1      | 41 ||| INVOKING Spit Poison.
   108 | D:1      | 108 ||| INVOKING Spit Poison.
   121 | D:1      | 121 ||| INVOKING Spit Poison.
   126 | D:1      | 126 ||| INVOKING Spit Poison.
   128 | D:1      | Reached skill level 4 in Ranged Weapons
   128 | D:1      | Reached XP level 2. HP: 25/26 MP: 2/2
   132 | D:1      | 132 ||| INVOKING Spit Poison.
   143 | D:1      | 143 ||| INVOKING Spit Poison.
   146 | D:1      | 146 ||| INVOKING Spit Poison.
   159 | D:1      | 159 ||| INVOKING Spit Poison.
   206 | D:1      | 206 ||| INVOKING Spit Poison.
   262 | D:1      | 262 ||| INVOKING Spit Poison.
   450 | D:1      | 450 ||| INVOKING Spit Poison.
   485 | D:1      | 485 ||| INVOKING Spit Poison.
   486 | D:1      | Reached XP level 3. HP: 32/32 MP: 3/3
   655 | D:1      | 655 ||| READING 2 scrolls labelled OMUM ENTEAGO.
   656 | D:1      | 656 ||| READING scroll labelled NAPHAI PE EGE.
   657 | D:1      | 657 ||| READING scroll labelled DOLIRCH ETHESS.
   658 | D:1      | 658 ||| DROPPING scroll of poison.
   659 | D:1      | 659 ||| DROPPING scroll of butterflies.
   691 | D:2      | 691 ||| INVOKING Spit Poison.
   695 | D:2      | 695 ||| INVOKING Spit Poison.
   701 | D:2      | 701 ||| INVOKING Spit Poison.
   702 | D:2      | 702 ||| INVOKING Spit Poison.
   703 | D:2      | 703 ||| FLEEEEING.
   709 | D:2      | 709 ||| STAIRDANCE
   739 | D:2      | 739 ||| INVOKING Spit Poison.
   746 | D:2      | 746 ||| INVOKING Spit Poison.
   784 | D:2      | 784 ||| INVOKING Spit Poison.
   824 | D:2      | 824 ||| INVOKING Spit Poison.
   856 | D:2      | 856 ||| INVOKING Spit Poison.
   859 | D:2      | Reached skill level 5 in Ranged Weapons
   860 | D:2      | Reached XP level 4. HP: 39/39 MP: 4/4
   883 | D:2      | 883 ||| INVOKING Spit Poison.
  1080 | D:2      | 1080 ||| UPGRADING to +0 cloak.
  1085 | D:2      | 1085 ||| DROPPING scarf of shadows.
  1086 | D:2      | 1086 ||| READING scroll labelled MABIFI REUMAKH.
  1087 | D:2      | 1087 ||| READING scroll labelled LEITYZ FYLIMEN.
  1087 | D:2      | Identified a scroll of acquirement
  1087 | D:2      | 1087 ||| ACQUIRING amulet of reflection
  1087 | D:2      | Acquired an amulet of reflection
  1089 | D:2      | 1089 ||| UPGRADING to amulet of reflection.
  1094 | D:2      | 1094 ||| READING scroll labelled YCIBAI BAJANA.
  1095 | D:2      | 1095 ||| READING scroll labelled NELU SUGRA.
  1096 | D:2      | 1096 ||| READING scroll labelled SEGHAO CUAT.
  1116 | D:3      | 1116 ||| INVOKING Spit Poison.
  1119 | D:3      | 1119 ||| INVOKING Spit Poison.
  1144 | D:3      | 1144 ||| INVOKING Spit Poison.
  1152 | D:3      | 1152 ||| INVOKING Spit Poison.
  1155 | D:3      | 1155 ||| INVOKING Spit Poison.
  1159 | D:3      | 1159 ||| INVOKING Spit Poison.
  1164 | D:3      | 1164 ||| INVOKING Spit Poison.
  1179 | D:3      | 1179 ||| INVOKING Spit Poison.
  1189 | D:3      | 1189 ||| INVOKING Spit Poison.
  1193 | D:3      | 1193 ||| INVOKING Spit Poison.
  1197 | D:3      | 1197 ||| INVOKING Spit Poison.
  1200 | D:3      | 1200 ||| INVOKING Spit Poison.
  1220 | D:3      | 1220 ||| INVOKING Spit Poison.
  1221 | D:3      | Reached skill level 3 in Fighting
  1254 | D:3      | 1254 ||| INVOKING Spit Poison.
  1258 | D:3      | 1258 ||| INVOKING Spit Poison.
  1259 | D:3      | Reached XP level 5. HP: 49/49 MP: 5/5
  1298 | D:3      | 1298 ||| INVOKING Spit Poison.
  1404 | D:3      | Found a runed translucent door.
  1405 | D:3      | Noticed Crazy Yiuf
  1456 | D:3      | 1456 ||| INVOKING Spit Poison.
  1476 | D:3      | Noticed Natasha
  1478 | D:3      | 1478 ||| INVOKING Spit Poison.
  1479 | D:3      | 1479 ||| INVOKING Spit Poison.
  1485 | D:3      | 1485 ||| INVOKING Spit Poison.
  1488 | D:3      | Killed Natasha
  1598 | D:3      | Found a radiant altar of Vehumet.
  1609 | D:3      | 1609 ||| INVOKING Spit Poison.
  1669 | D:3      | 1669 ||| INVOKING Spit Poison.
  1674 | D:3      | 1674 ||| INVOKING Spit Poison.
  1679 | D:3      | 1679 ||| INVOKING Spit Poison.
  1786 | D:3      | 1786 ||| INVOKING Spit Poison.
  1799 | D:3      | Noticed Natasha
  1800 | D:3      | 1800 ||| INVOKING Spit Poison.
  1801 | D:3      | Killed Natasha
  1857 | D:3      | 1857 ||| READING scroll labelled ZASHIR CEGED.
  1877 | D:3      | 1877 ||| DRINKING 2 purple potions.
  1878 | D:3      | 1878 ||| DROPPING potion of enlightenment.
  1916 | D:4      | 1916 ||| INVOKING Spit Poison.
  1923 | D:4      | Noticed a black bear
  1929 | D:4      | Reached skill level 6 in Ranged Weapons
  1929 | D:4      | Reached XP level 6. HP: 56/56 MP: 6/6
  1929 | D:4      | 1929 ||| INVOKING Spit Poison.
  1932 | D:4      | Killed a black bear
  1976 | D:4      | 1976 ||| INVOKING Spit Poison.
  1983 | D:4      | 1983 ||| INVOKING Spit Poison.
  1996 | D:4      | 1996 ||| INVOKING Spit Poison.
  2001 | D:4      | 2001 ||| INVOKING Spit Poison.
  2050 | D:4      | Found a staircase to the Ecumenical Temple.
  2051 | D:4      | 2051 ||| PLANNING TEMPLE
  2059 | Temple   | Entered the Ecumenical Temple
  2072 | Temple   | 2072 ||| PLANNING D:1-11
  2141 | D:4      | 2141 ||| INVOKING Spit Poison.
  2146 | D:4      | 2146 ||| INVOKING Spit Poison.
  2151 | D:4      | 2151 ||| INVOKING Spit Poison.
  2152 | D:4      | 2152 ||| INVOKING Spit Poison.
  2156 | D:4      | HP: 2/57 [gnoll sergeant/+0 trident of venom (14)]
  2157 | D:4      | Slain by a gnoll sergeant

Levels and vault maps discovered:
D:1:      lightli_arrival_isolated_outpost, layout_basic, hex_intersection,
          minivault_4, bh_walls_and_bars
D:2:      layout_rooms, ebering_dispersal_statue_hall
D:3:      layout_basic, lemuel_doored_altar, uniq_crazy_yiuf_cottage,
          uniq_natasha
D:4:      layout_rooms, dk_yredelemnul_ordeal, lemuel_temple_firewalk_b
Temple:   hellmonk_temple_two_chambers

Skill      XL: |  1  2  3  4  5  6 |
---------------+-------------------+-----
Ranged Weapons | 4 5 6 |  6.4
Fighting       | 3 4 |  4.2
Dodging        | |  1.5
Stealth        | |  1.5

Action                     |  1- 3 |  4- 6 || total
---------------------------+-------+-------++-------
   Fire: Shortbow          |    66 |    95 ||   161
Ability: Spit Poison       |    21 |    35 ||    56
    Use: Scroll            |     3 |     6 ||     9
         Potion            |       |     1 ||     1
 Armour: Leather armour    |       |    14 ||    14
  Dodge: Dodged            |    10 |    29 ||    39
  Block: Other             |       |     8 ||     8
         Reflection        |       |     1 ||     1

Table legend:
 A = Non-vault XP
 B = Vault XP
 C = Vault XP percentage of total XP
 D = Non-vault monster count
 E = Vault monster count
 F = Vault count percentage of total count
                 A         B        C        D         E       F
            +---------+---------+-------+---------+---------+-------
      Total |     558 |      35 |   5.9 |      72 |       1 |   1.4
            +---------+---------+-------+---------+---------+-------
        D:1 |      34 |       0 |   0.0 |      17 |       0 |   0.0
        D:2 |      50 |       0 |   0.0 |      15 |       0 |   0.0
        D:3 |     181 |      35 |  16.2 |      24 |       1 |   4.0
        D:4 |     293 |       0 |   0.0 |      16 |       0 |   0.0
            +---------+---------+-------+---------+---------+-------
